 Dungeon Crawl Stone Soup version 0.29.1-15-g9cfb28693d (webtiles) character file.

Game seed: 2978442060342220074

3928 Gabide the Grappler (level 9, -3/77 HPs)
             Began as a Demigod Fighter on Apr 22, 2023.
             Slain by Grum
             ... wielding a +1 spear
              (12 damage)
             ... on level 7 of the Dungeon.
             The game lasted 00:12:38 (11566 turns).

Gabide the Grappler (Demigod Fighter)              Turns: 11566, Time: 00:12:39

Health: -3/77      AC:  7    Str: 29    XL:     9   Next: 70%
Magic:  11/11      EV: 13    Int: 10    God:
Gold:   538        SH:  4    Dex: 13    Spells: 8/8 levels left

rFire   . . .      SeeInvis .     - Unarmed
rCold   . . .      Faith    .   b - +0 buckler
rNeg    . . .      Spirit   .   k - +0 ring mail
rPois   .          Reflect  .   (no helmet)
rElec   .          Harm     .   (no cloak)
rCorr   .          Rampage  .   r - +0 pair of gloves
Will    .....                   j - +0 pair of boots
Stlth   +.........              (no amulet)
HPRegen 0.22/turn               (no ring)
MPRegen 0.12/turn               (no ring)

@: about to teleport
A: high MP 1, forlorn, divine attributes
a: no special abilities


You were on level 7 of the Dungeon.
You visited 1 branch of the dungeon, and saw 8 of its levels.

You collected 538 gold pieces.

Inventory:

Missiles
 p - 3 javelins (quivered)
Armour
 b - a +0 buckler (worn)
 j - a +0 pair of boots (worn)
 k - a +0 ring mail (worn)
 r - a +0 pair of gloves (worn)
Jewellery
 s - an amulet of magic regeneration
Wands
 f - a wand of flame (38)
 v - a wand of roots (9)
Scrolls
 d - a scroll of amnesia
 m - a scroll of magic mapping
 n - a scroll of immolation
 t - a scroll of torment
Potions
 a - 2 potions of mutation
 c - a potion of invisibility {unknown}
 e - 2 potions of attraction
 g - a potion of haste {unknown}
 i - 2 potions of lignification {unknown}
 l - 2 potions of curing
 o - a potion of brilliance {unknown}
 q - a potion of ambrosia {unknown}
 u - 3 potions of magic


   Skills:
 + Level 6.3 Fighting
 - Level 3.0 Armour
 + Level 6.3 Dodging
 - Level 3.0 Shields
 * Level 10.0 Unarmed Combat


You had 8 spell levels left.
You didn't know any spells.
Your spell library contained the following spells:

 Spells                   Type           Power      Damage    Failure   Level
 Gell's Gravitas          Tloc           0%         N/A       91%         3
 Teleport Other           Tloc           0%         N/A       91%         3
 Dispersal                Tloc           0%         N/A       100%        6


Dungeon Overview and Level Annotations

Branches:
Dungeon (8/15)             Temple (0/1) D:7            Lair (0/5) D:8

Shops:
D:2 (

Annotations:
D:6 3 runed translucent doors, plastgreken's ghost, novice HOFi
D:7 Grum


Innate Abilities, Weirdness & Mutations

You have an increased reservoir of magic. (+10% MP)
You shall have no god before yourself.
Your divine heritage dramatically boosts your attributes as you level up.


Message History

Throw: 5 javelins
Press: ? - help, Q - select action, (/) - cycle Shift-Dir - straight line, f - Grum
Aim: Grum, wielding a +1 spear and wearing a +0 animal skin (64% to hit)
You throw a javelin. The javelin barely misses Grum.
The centaur shoots an arrow.
The arrow hits you!
The centaur shoots an arrow.
The arrow barely misses you.
Throw: 4 javelins
Press: ? - help, Q - select action, (/) - cycle Shift-Dir - straight line, f - centaur, p - Grum
Aim: a centaur, wielding a +0 shortbow (71% to hit)
You throw a javelin. The javelin barely misses the centaur.
The centaur shoots an arrow.
The arrow hits you!
The centaur shoots an arrow.
The arrow barely misses you.
The centaur shoots an arrow.
The arrow hits you. Grum hits you with a +1 spear.
The centaur shoots an arrow.
You block the arrow.
You hear an angry hiss.
There is a stone staircase leading up, spattered with blood here.
The centaur shoots an arrow.
The arrow hits you. Grum closely misses you.
You climb upwards.
There is a stone staircase leading down here.
You barely miss Grum. You block Grum's attack.
Okay, then.
Unknown command.
Okay, then.
Aiming: Fastroot
Press: ? - help, Shift-Dir - straight line The roots erupt in riotous growth!
Roots grab Grum.
The grasping roots constrict Grum.
Grum hits you with a +1 spear!!
* * * LOW HITPOINT WARNING * * *
Unknown command.
Unknown command.
You punch Grum!
Grum is moderately wounded.
The grasping roots constrict Grum.
The roots release their grip on Grum.
Grum hits you with a +1 spear!
* * * LOW HITPOINT WARNING * * *
As you read the scroll of teleportation, it crumbles to dust.
You feel strangely unstable. Grum hits you with a +1 spear!
You die...

.................................
..........................#......
....###...................#......
..#...........................#..
..###.........................#..
............##.##..........##....
....###.....##.##.......#.#####.#
...##.##..#....##g......### ###
##.......##..#..@.......##
#........#...#...........#
#..##................#...#
.....................##8>8#
.........##........########
#..#.....#..#..>.###
##..........###### #.##########
###


You could see Grum.

Vanquished Creatures
  A komodo dragon (D:7)
  A wraith (D:7)
  A yak (D:7)
  Menkaure (D:7)
  4 water moccasins
  3 ice beasts (D:7)
  4 black bears
  A sky beast (D:7)
  2 centaurs (D:6)
  4 wolves
  A phantom (D:6)
  A kobold brigand (D:6)
  7 bullfrogs
  A necrophage (D:6)
  2 gnoll sergeants
  6 scorpions
  A howler monkey (D:7)
  A jelly (D:6)
  3 hounds
  4 iguanas
  7 adders
  10 gnolls
  2 white imps
  2 ufetubi (D:6)
  2 worms (D:3)
  2 dart slugs (D:1)
  13 orcs
  7 bats
  5 endoplasms
  4 giant cockroaches
  4 goblins
  8 hobgoblins
  4 jackals (D:5)
  2 quokkas (D:3)
  7 ball pythons
  3 frilled lizards
  8 kobolds
  11 rats
150 creatures vanquished.

Vanquished Creatures (others)
  20 fungi (D:8)
  25 plants (D:8)
  2 toadstools (D:4)
47 creatures vanquished.

Grand Total: 197 creatures vanquished

Notes
Turn   | Place    | Note
-------+----------+-------------------------------------------
     0 | D:1      | Gabide the Demigod Fighter began the quest for the Orb.
     0 | D:1      | Reached XP level 1. HP: 18/18 MP: 3/3
   242 | D:1      | Reached skill level 2 in Unarmed Combat
   509 | D:1      | Reached XP level 2. HP: 22/25 MP: 4/4
   809 | D:1      | Reached skill level 3 in Unarmed Combat
  1547 | D:2      | Reached XP level 3. HP: 21/30 MP: 5/5
  1824 | D:2      | HP: 1/30 [kobold/+0 dagger (1)]
  1827 | D:2      | Reached skill level 4 in Unarmed Combat
  2460 | D:2      | Found Hedu's Antique Weapon Emporium.
  2464 | D:2      | Reached XP level 4. HP: 37/37 MP: 6/6
  2775 | D:3      | Identified the +0 dagger of Zin's Supremacy {vorpal, rCorr
                  | Str+2 Int-3 Dex+5}
  3460 | D:3      | HP: 1/37 [iguana (8)]
  4650 | D:4      | Reached skill level 5 in Unarmed Combat
  4697 | D:4      | Reached XP level 5. HP: 39/42 MP: 7/7
  5169 | D:5      | Entered Level 5 of the Dungeon
  5685 | D:5      | Noticed a black bear
  5688 | D:5      | Killed a black bear
  5689 | D:5      | Reached skill level 6 in Unarmed Combat
  5689 | D:5      | Reached XP level 6. HP: 50/50 MP: 8/8
  5751 | D:5      | Reached skill level 1 in Dodging
  6321 | D:5      | Reached XP level 7. HP: 21/57 MP: 9/9
  7486 | D:6      | Reached skill level 7 in Unarmed Combat
  7809 | D:6      | Found a runed translucent gate.
  7809 | D:6      | Found a runed translucent gate.
  7810 | D:6      | Found a runed translucent gate.
  7810 | D:6      | Noticed plastgreken's ghost (novice HOFi)
  7994 | D:6      | Reached XP level 8. HP: 56/66 MP: 10/10
  8544 | D:7      | Reached skill level 8 in Unarmed Combat
  8912 | D:7      | Reached skill level 5 in Fighting
  8915 | D:7      | Reached skill level 5 in Dodging
  8933 | D:7      | HP: 3/68 [wraith (12)]
  9243 | D:7      | Noticed Menkaure
  9247 | D:7      | Killed Menkaure
  9559 | D:7      | Reached XP level 9. HP: 47/74 MP: 11/11
  9752 | D:7      | Found a staircase to the Ecumenical Temple.
  9848 | D:8      | Noticed a komodo dragon
  9857 | D:7      | Reached skill level 9 in Unarmed Combat
 10319 | D:7      | Killed a komodo dragon
 10819 | D:8      | Found a staircase to the Lair.
 10833 | D:8      | Noticed Grum
 11326 | D:7      | Reached skill level 10 in Unarmed Combat
 11566 | D:7      | Slain by Grum

Illustrated notes

Levels and vault maps discovered:
D:1:      lemuel_arrival_broad_hall, layout_loops_ring
D:2:      minmay_recursive_quarters, layout_basic, serial_shops, shop_fountains
D:3:      layout_basic, marbit_many_paths
D:4:      layout_rooms, minmay_gold_behind_fungi
D:5:      layout_loops_ring
D:6:      layout_loops_corners, biasface_ghost_orc_armoury
D:7:      layout_cave_pools, temple_statues, minmay_strange_pillars,
          uniq_menkaure
D:8:      layout_cave_pools, nicolae_overflows_in_rows,
          due_lair_maze_entry_diamond, chequers_serial_rivers_marsh,
          chequers_serial_rivers_marsh, uniq_grum

Skill      XL: |  1  2  3  4  5  6  7  8  9 |
---------------+----------------------------+-----
Unarmed Combat | 2 3 4 5 6 7 8 10 | 10.0
Fighting       | 3 4 5 6 |  6.3
Armour         | 3 |  3.0
Shields        | 3 |  3.0
Dodging        | 3 4 5 6 |  6.3

Action                   |  1- 3 |  4- 6 |  7- 9 || total
-------------------------+-------+-------+-------++-------
Melee: Unarmed           |   183 |   170 |   296 ||   649
Throw: Javelin           |       |    19 |    31 ||    50
       Throwing net      |       |     3 |     1 ||     4
Evoke: Wand              |       |     2 |    26 ||    28
  Use: Scroll            |     2 |    12 |     5 ||    19
       Potion            |     1 |     3 |     5 ||     9
Armor: Scale mail        |   102 |       |       ||   102
       Ring mail         |     1 |    86 |    99 ||   186
Dodge: Dodged            |    75 |    88 |   206 ||   369
Block: Buckler           |    29 |    46 |    68 ||   143
